 Dungeon Crawl Stone Soup version 0.18-a0-1071-g9f02aef (webtiles) character file.

161 sugabear the Cudgeler (level 5, -2/27 HPs)
             Began as a Vine Stalker Gladiator on Jan 13, 2016.
             Slain by a gnoll
             ... wielding a +0 halberd
              (12 damage)
             ... on level 2 of the Dungeon.
             The game lasted 00:04:51 (2040 turns).

sugabear the Cudgeler (Vine Stalker Gladiator)      Turns: 2040, Time: 00:04:51

Health: -2/27      AC:  4    Str: 19    XL:     5   Next: 42%
Magic:  0/6        EV: 13    Int:  8    God:
Gold:   73         SH:  0    Dex: 14    Spells: 0 memorised, 4 levels left

rFire  . . .     SeeInvis .     a - +0 flail
rCold  . . .     Gourm    .     b - +0 leather armour
rNeg   . . .     Faith    .     (no shield)
rPois  .         Spirit   +     c - +0 helmet
rElec  .         Dismiss  .     (no cloak)
rCorr  .         Reflect  .     (no gloves)
SustAt .         Harm     .     (no boots)
MR     .....                    (no amulet)
Stlth  +.........               (no ring)
                                (no ring)

@: not resistant to hostile enchantments, very unstealthy
A: fangs 2, regeneration 1, magic shield, antimagic bite, no device heal 3, rot
immunity
a: no special abilities


You were on level 2 of the Dungeon.
You were hungry.

You visited 1 branch of the dungeon, and saw 3 of its levels.

You collected 73 gold pieces.

Inventory:

Hand Weapons
 a - a +0 flail (weapon)
Missiles
 d - 3 throwing nets (quivered)
Armour
 b - a +0 leather armour (worn)
 c - a +0 helmet (worn)
Scrolls
 e - a scroll of enchant armour {unknown}
 h - a scroll of identify {unknown}
 i - a scroll of recharging {unknown}
 k - a scroll of magic mapping {unknown}
 l - a scroll of enchant weapon {unknown}
 n - 3 scrolls of teleportation {unknown}
 o - a scroll of remove curse {unknown}
 p - 3 scrolls of fear {unknown}
 s - a scroll of fog {unknown}
Potions
 g - a potion of cure mutation {unknown}
 j - a potion of cancellation {unknown}
 r - a potion of magic {unknown}
 t - a potion of heal wounds {unknown}
 u - a potion of mutation {unknown}
Comestibles
 f - 6 bread rations
 m - a royal jelly
 q - 2 beef jerkies


   Skills:
 + Level 2.5 Fighting
 + Level 3.4 Maces & Flails
 + Level 2.1 Throwing
 + Level 1.9 Armour
 + Level 3.1 Dodging
 + Level 0.6 Stealth


You had 4 spell levels left.
You didn't know any spells.

Dungeon Overview and Level Annotations

Branches:
Dungeon (3/15)

Altars:


Innate Abilities, Weirdness & Mutations

You have extremely sharp teeth.
Your natural rate of healing is unusually fast.
When hurt, damage is shared between your health and your magic reserves.
Your bite disrupts and absorbs the magic of your enemies.
Potions and wands cannot restore your health.
You are immune to rotting.


Message History

The gnoll closely misses you. The gnoll hits you with a halberd!
The gnoll barely misses you.
You hit the gnoll but do no damage.
The gnoll is severely wounded.
The gnoll misses you. x2
You closely miss the gnoll. Your bite misses the gnoll.
The gnoll is severely wounded.
The gnoll closely misses you. The gnoll barely misses you.
Unknown command.
You hit the gnoll. You bite the gnoll, but do no damage.
The gnoll is heavily wounded.
The gnoll misses you. The gnoll closely misses you.
You barely miss the gnoll. You bite the gnoll. You drain its power.
You feel invigorated.
The gnoll is almost dead.
The gnoll closely misses you. The gnoll hits you with a club.
You barely miss the gnoll.
The gnoll is almost dead.
The gnoll hits you with a halberd!
You die...

######### #.......##
#.........
#########.........
#@g.............).
#g############.... #.#
#...< #.# #.... #.#
##### #######.#
#.......################
#[#####.................
#.# ##.######...######


You could see 2 gnolls.

Vanquished Creatures
  The ghost of inqbanana the Scratcher, an amateur FeMo (D:3)
  Robin (D:2)
  An adder (D:2)
  2 gnolls
  An ooze (D:3)
  4 giant geckos (D:2)
  3 giant cockroaches
  9 goblins
  9 hobgoblins
  2 jackals (D:1)
  5 kobolds
  4 bats
  3 rats (D:1)
45 creatures vanquished.

Notes
Turn   | Place    | Note
--------------------------------------------------------------
     0 | D:1      | sugabear the Vine Stalker Gladiator began the quest for the Orb.
     0 | D:1      | Reached XP level 1. HP: 11/11 MP: 2/2
   230 | D:1      | You fall through a shaft!
   255 | D:2      | Reached XP level 2. HP: 9/15 MP: 1/3
   342 | D:2      | Reached skill level 3 in Maces & Flails
   393 | D:2      | Reached XP level 3. HP: 18/18 MP: 4/4
  1324 | D:2      | Noticed Robin
  1340 | D:2      | Killed Robin
  1340 | D:2      | Reached skill level 1 in Armour
  1340 | D:2      | Reached XP level 4. HP: 10/23 MP: 2/5
  1604 | D:3      | Noticed inqbanana's ghost (amateur FeMo)
  1719 | D:3      | Killed inqbanana's ghost
  1719 | D:3      | Reached XP level 5. HP: 21/27 MP: 6/6
  2040 | D:2      | Slain by a gnoll

Vault maps used:
D:1:      co_arrival_square_in_a_square_in_a_square
D:2:      first_bread, corexii_leaking_fountain, uniq_robin
D:3:      grunt_temple_overflow_cloverleaf

Action                   |  1- 3 |  4- 6 || total
-------------------------+-------+-------++-------
Melee: Flail             |   109 |    35 ||   144
 Stab: Sleeping          |       |     1 ||     1
  Eat: Chunk             |     1 |     2 ||     3
